Cogmind - Beta 13 @@@ ROGUE MODE // 2024.03.04 @ 12:49:10 Player: J1ANG-5HI Result: Destroyed by KO-DCF(R) with Subdweller Machine Gun Performance ------------- Evolutions (0) 0 Regions Visited (2) 400 Robots Destroyed (10) 50 Value Destroyed (274) 274 Prototype IDs (5) 100 Alien Tech Used (0) 0 Bonus (0) 0 TOTAL SCORE: 824 Bonus ------- None Cogmind --------- Core Integrity 0/250 Matter 251/300 Energy 43/100 System Corruption 0% Temperature Cool (0) Movement Walking (190) Ox1 Location -10/Subcaves Parts ------- > --- POWER (1) -------- (None) > --- PROPULSION (2) --- Aluminum Leg Aluminum Leg > --- UTILITY (2) ------ Improved Heat Sink Large Storage Unit > --- WEAPON (2) ------- Subdweller Laser Light Assault Rifle > --- INVENTORY (15) --- Light Nuclear Core Light Treads Light Treads Compact Wheel Visual Processing Unit Signal Interpreter Seismic Detector ECM Suite Datajack Peak State ------------ > --- POWER ------------ Light Nuclear Core > --- PROPULSION ------- Aluminum Leg Aluminum Leg > --- UTILITY ---------- Medium Storage Unit Sensor Array > --- WEAPON ----------- Assault Rifle Light Assault Rifle > --- INVENTORY -------- Light Nuclear Core Light Treads Light Treads Wheel Compact Wheel Improved Heat Sink Visual Processing Unit Signal Interpreter ECM Suite Light Assault Rifle [Rating: 10] Favorites ----------- Power Light Nuclear Core Engine Light Ion Engine Power Core Light Nuclear Core Propulsion Aluminum Leg Leg Aluminum Leg Utility Sensor Array Device Sensor Array Storage Medium Storage Unit Protection Light Armor Plating Weapon Light Assault Rifle Energy Gun Subdweller Laser Ballistic Gun Light Assault Rifle Build | -11 -10 -10 ------- Run | Yrd Mat Sub Slots Evolved . | . . . Power . | . . . Propulsion . | . . . Utility . | . . . Weapon . | . . . Parts Attached 10 | . 6 4 Power 2 | . 2 . Engine 1 | . 1 . Core 1 | . 1 . Reactor . | . . . Propulsion 1 | . 1 . Treads . | . . . Leg 1 | . 1 . Wheel . | . . . Hover . | . . . Flight . | . . . Utility 5 | . 3 2 Device 2 | . 1 1 Storage 2 | . 2 . Processor . | . . . Hackware . | . . . Protection 1 | . . 1 Artifact . | . . . Weapon 2 | . . 2 Energy Gun 1 | . . 1 Energy Cannon . | . . . Ballistic Gun 1 | . . 1 Ballistic Cannon . | . . . Launcher . | . . . Special Weapon . | . . . Impact Weapon . | . . . Slashing Weapon . | . . . Piercing Weapon . | . . . Special Melee Weapon . | . . . Unidentified Prototypes . | . . . Parts Lost 6 | . 1 5 Power 2 | . 1 1 Propulsion . | . . . Utility 2 | . . 2 Weapon 2 | . . 2 Highest Loss Streak 5 | . 1 5 To Critical Strikes 1 | . . 1 Average Slot Usage (%) 97 | . 97 92 Engine 3 | . 3 . Core 10 | . 10 11 Leg 27 | . 27 28 Device 12 | . 12 9 Storage 14 | . 14 14 Ballistic Gun 27 | . 28 21 Naked Turns . | . . . Heaviest Build 29 | 11 29 29 Greatest Support 20 | 20 20 20 Greatest Overweight (x) 1 | . 1 1 Average Overweight (x) . | . . 1 Largest Inventory Capacity 15 | . 15 15 Average Capacity 11 | . 11 15 Most Carried 12 | . 12 12 Average Carried 9 | . 9 10 Final Capacity 15 | 8 15 15 Final Carried 12 | 6 12 9 Class Distribution -------------------- 100% | Mutant Dominant Class ---------------- Mutant | -10/Materials Mutant | -10/Subcaves Resources | -11 -10 -10 ----------- Run | Yrd Mat Sub Matter Collected 387 | 200 187 . Remotely . | . . . Salvage Created 368 | . 326 42 Parts 20 | . 19 1 Haulers Intercepted 1 | . 1 . Recyclers Shooed . | . . . Parts Field Recycled . | . . . Retrieved Matter . | . . . Parts Self-Destructed . | . . . Prevented . | . . . Kills | -11 -10 -10 ------- Run | Yrd Mat Sub Combat Hostiles Destroyed 8 | . 7 1 Guns 8 | . 7 1 Classes Destroyed 5 | . 4 1 Hauler 1 | . 1 . Watcher 1 | . 1 . Swarmer 2 | . 2 . Grunt 5 | . 5 . Subdweller 1 | . . 1 Best Kill Streak 2 | . 2 1 Combat Bots Only 2 | . 2 1 Max Kills in Single Turn 1 | . 1 1 Gunslinging . | . . . Exploded . | . . . Melee . | . . . Uniques/NPCs Destroyed . | . . . Combat | -11 -10 -10 -------- Run | Yrd Mat Sub Hostile Shots Fired 77 | . 36 41 Missed 18 | . 10 8 Damage Taken 1004 | . 315 689 Core 272 | . 41 231 Absorbed by Shields . | . . . Regen/Repaired (Parts) 87 | . 87 . Core Remaining (%) 100 | 100 . . Volleys Fired 52 | . 33 19 Largest 2 | . 2 2 Hottest 80 | . 40 80 Shots Fired 93 | . 66 27 Gun 93 | . 66 27 Cannon . | . . . Launcher . | . . . Special . | . . . Kinetic 90 | . 66 24 Thermal 3 | . . 3 Explosive . | . . . Electromagnetic . | . . . Robot Hit Streak 16 | . 12 16 Robot Miss Streak 7 | . 6 7 Penetration Max . | . . . Secondary Targets . | . . . Shots Hit Robots 63 | . 39 24 Core Hits 20 | . 16 4 Critical Kills . | . . . Critical Parts Destroyed . | . . . Critical Strikes . | . . . Melee Attacks . | . . . Impact . | . . . Slashing . | . . . Piercing . | . . . Sneak Attacks . | . . . Combat Hostiles . | . . . Follow-up Attacks . | . . . Damage Inflicted 615 | . 432 183 Guns 615 | . 432 183 Cannons . | . . . Explosions . | . . . Melee . | . . . Ramming . | . . . Kinetic 593 | . 432 161 Thermal 22 | . . 22 Explosive . | . . . Electromagnetic . | . . . Impact . | . . . Slashing . | . . . Piercing . | . . . Highest Corruption . | . . . Average Corruption . | . . . Corruption Purged . | . . . Corruption Blocked . | . . . Overload Shots . | . . . Overflow Damage . | . . . Projectiles . | . . . Explosions . | . . . Melee . | . . . Knockbacks . | . . . Impact . | . . . Kinetic . | . . . Secondary . | . . . Self-Inflicted Damage . | . . . Shots . | . . . Rammed . | . . . Targets Rammed . | . . . Kicked . | . . . Crushed . | . . . Highest Temperature 18 | . 18 . Average Temperature 6 | . 6 . Received Heat Transfer 222 | . 150 72 Siege Activations . | . . . Robots Corrupted . | . . . Combat Hostiles . | . . . Parts Fried . | . . . Impact Corruptions . | . . . Robots Melted . | . . . Combat Hostiles . | . . . Parts Melted . | . . . Heat Transferred 25 | . . 25 Parts Sabotaged . | . . . Parts Stolen . | . . . Parts Stripped . | . . . Power Chain Reactions . | . . . Alert | -11 -10 -10 ------- Run | Yrd Mat Sub Peak Influence 164 | . 164 . Initial . | . . . Average 39 | . 39 . Maximum Alert Level . | . . . Low Security (%) 100 | . 100 . Level 1 . | . . . Level 2 . | . . . Level 3 . | . . . Level 4 . | . . . Level 5 . | . . . High Security . | . . . Max Security . | . . . Squads Dispatched 1 | . 1 . Investigation 1 | . 1 . Extermination . | . . . Reinforcement . | . . . Assault . | . . . Garrison . | . . . Intercept . | . . . Searches Triggered . | . . . Construction Impeded . | . . . Haulers Reinforced . | . . . Active Scanning Responses . | . . . Cargo Convoy Interrupts . | . . . Stealth | -11 -10 -10 --------- Run | Yrd Mat Sub Distress Signals 1 | . 1 . Communications Jammed . | . . . Distress Signals . | . . . Times Spotted 21 | . 19 2 Peak Tracking Total 3 | . 3 2 Tactical Retreats 1 | . 1 . Traps | -11 -10 -10 ------- Run | Yrd Mat Sub Traps Triggered 1 | . 1 . Indirectly . | . . . Trap Hack Attempts . | . . . Triggered . | . . . Disarmed . | . . . Reprogrammed 1 | . 1 . Reused . | . . . Traps Extracted . | . . . Installed . | . . . Triggered . | . . . Machines | -11 -10 -10 ---------- Run | Yrd Mat Sub Machines Disabled . | . . . Max in Single Turn . | . . . Machines Repaired . | . . . Machines Dismantled . | . . . Machines Sabotaged . | . . . Overloaded Fab Kills . | . . . Hacking | -11 -10 -10 --------- Run | Yrd Mat Sub Machines Accessed 10 | . 10 . Terminals 8 | . 8 . Fabricators . | . . . Repair Stations 1 | . 1 . Recycling Units 1 | . 1 . Scanalyzers . | . . . Garrison Access . | . . . Total Hacks 38 | . 38 . Successful 25 | . 25 . Failed 13 | . 13 . Catastrophic . | . . . Database Lockouts . | . . . Manual 19 | . 19 . Terminals 28 | . 28 . Fabricators . | . . . Repair Stations 3 | . 3 . Recycling Units 7 | . 7 . Scanalyzers . | . . . Garrison Access . | . . . Terminal Hacks 14 | . 14 . Robot Analysis 5 | . 5 . Prototype ID Bank 3 | . 3 . Emergency Access Points 1 | . 1 . Terminal Index 1 | . 1 . Locate Traps 2 | . 2 . Reprogram Traps 1 | . 1 . Reinforcement Status 1 | . 1 . Fabricator Hacks . | . . . Repair Station Hacks 2 | . 2 . Scan Component 1 | . 1 . Repair 1 | . 1 . Recycling Unit Hacks 2 | . 2 . Report Inventory 1 | . 1 . Retrieve Components 1 | . 1 . Scanalyzer . | . . . Garrison Access Hacks . | . . . Unauthorized Hacks 7 | . 7 . Terminals 3 | . 3 . Botnet 3 | . 3 . Fabricators . | . . . Repair Stations . | . . . Recycling Units 4 | . 4 . Monitor 1 | . 1 . Reject 1 | . 1 . Recyclers 1 | . 1 . Mask 1 | . 1 . Scanalyzers . | . . . Garrison Access . | . . . Data Cores Recovered . | . . . Used . | . . . Hacking Detections 7 | . 7 . Full Trace Events . | . . . Feedback Events . | . . . Feedback Blocked . | . . . Robot Schematics Acquired . | . . . Robots Built . | . . . Authchips . | . . . Time . | . . . Total Robot Build Rating . | . . . Part Schematics Acquired . | . . . Parts Built . | . . . Authchips . | . . . Time . | . . . Total Part Build Rating . | . . . Parts Repaired 1 | . 1 . Time 26 | . 26 . Parts Recycled . | . . . Recycled Matter . | . . . Retrieved Matter . | . . . Retrieved Components 3 | . 3 . Parts Scanalyzed . | . . . Part Schematics Acquired . | . . . Parts Damaged . | . . . Bothacking | -11 -10 -10 ------------ Run | Yrd Mat Sub Used RIF Installer . | . . . Robots Hacked . | . . . Non-combat . | . . . Combat . | . . . Robot Hacks Applied . | . . . Relay Couplers Released . | . . . Fabnet Peak Effective % . | . . . Robots Rewired . | . . . Allies Hacked . | . . . Hacks Repelled . | . . . Allies | -11 -10 -10 -------- Run | Yrd Mat Sub Total Allies . | . . . Largest Group . | . . . Highest-Rated Group . | . . . Highest-Rated Ally . | . . . Total Orders . | . . . Ally Attacks . | . . . Total Damage . | . . . Kills . | . . . Allies Corrupted . | . . . Allies Melted . | . . . Intel | -11 -10 -10 ------- Run | Yrd Mat Sub Robot Analysis Total 5 | . 5 . Derelict Logs Recovered 1 | . . 1 Drone Launches . | . . . Drone Recoveries . | . . . Exploration | -11 -10 -10 ------------- Run | Yrd Mat Sub Turns Passed 1736 | . 1674 62 Spaces Moved 1062 | 1 1053 8 Core . | . . . Treads . | . . . Legs 1062 | 1 1053 8 Wheels . | . . . Hover . | . . . Flight . | . . . Fastest Speed 120 | 120 120 190 Average Speed 140 | 120 139 190 Slowest Speed 190 | 120 190 190 Overloaded Moves . | . . . Propulsion Burnouts . | . . . Robots Hopped . | . . . Cave-ins Triggered . | . . . Exploration Rate (%) 34 | 2 100 2 Regions Visited 2 Branch Regions 1 Pre-discovered Areas 1 | . . 1 Known Exits Taken . | . . . Unknown Exits Taken 2 | 1 1 . Scrap Searched . | . . . Spaces Dug . | . . . Terrain Destroyed . | . . . Melee . | . . . Projectile . | . . . AOE . | . . . Terrain Rammed . | . . . Walls Destroyed . | . . . Machines Disabled . | . . . Actions | -11 -10 -10 --------- Run | Yrd Mat Sub Total 1230 | . 1198 32 Wait 93 | . 93 . Move 1060 | . 1052 8 Hop . | . . . Pick Up 11 | . 10 1 Fast Attach 2 | . 2 . Attach 7 | . 3 4 Detach . | . . . Swap 1 | . 1 . Drop 4 | . 4 . Fire 52 | . 33 19 Melee . | . . . Ram . | . . . Kick . | . . . Crush . | . . . Escape Stasis . | . . . Rewire . | . . . Trap . | . . . Miscellaneous . | . . . Route ------- -11/Scrapyard -10/Materials (discovered 6 exits: [*Mat x3] / [*Min x2] / [*Sub]) -10/Subcaves History --------- Turn | Location | Event 1 | -11/Scrapyard | Discovered new exit (range 0) 1 | -11/Scrapyard | Entered Materials 97 | -10/Materials | Discovered new exit (range 15) 278 | -10/Materials | Discovered new exit (range 12) 301 | -10/Materials | Build established: Mutant 1009 | -10/Materials | Repaired Aluminum Leg 1158 | -10/Materials | Discovered new exit (range 16) 1200 | -10/Materials | Discovered new exit (range 16) 1482 | -10/Materials | Discovered new exit (range 12) 1663 | -10/Materials | Discovered new exit (range 6) 1675 | -10/Materials | Entered Subcaves 1687 | -10/Subcaves | Learned location of Zion (-7) 1718 | -10/Subcaves | Core integrity fell below 50% 1722 | -10/Subcaves | Core integrity fell below 20% 1737 | -10/Subcaves | Destroyed by KO-DCF(R) with Subdweller Machine Gun Last Messages --------------- >>Enumerate(Reinforcements) Retrieving latest reported positions... No active reinforcement squads found. 01541_ Acquired Datajack. 01663_ EXIT=FOUND LOCATION=UNKNOWN AMBIENT_HEAT=-10 GOAL=ESCAPE 01680_ CD-I4Y(z): "She is not going to be happy we haven't found any suitable candidates yet." 01687_ Acquired derelict log, extracted data. World map updated: -7/Zion. 01693_ Lgt. Assault Rifle destroyed. 01701_ Critical hit (Destroy). 01701_ Sensor Array destroyed. 01703_ Assault Rifle destroyed. 01721_ Lgt. Armor Plating destroyed. 01723_ HK-3CW(R) destroyed. 01726_ Acquired Sub. Laser. 01727_ Lgt. Nuclear Core destroyed. Map ----- +----------------------------------------------------+ | ?????????????????????????????????????????????????? | | ?????????????????????????????????????????????????? | | ?????????????????????????????????????????????????? | | ?????????????????????????????????????????????????? | | ?????????????????????????????????????????????????? | | ?????????????????????????????????????????????????? | | ?????????????????????????????????????????????????? | | ?????????????????????????????????????????????????? | | ?????????????????????????????????????????????????? | | ?????????????????????????????????????????????????? | | ?????????????????????????????????????????????????? | | ?????????????????????????????????????????????????? | | ?????????????????????????????????????????????????? | | ?????????????????????????????????????????????????? | | ??????????????????????????????????? ?????????????? | | ?????????????????????????????????? ??????????????? | | ????????????????????????????????? ##?????????????? | | ???????????????????????????????## ??????????????? | | ?????????????????????????????? ???????????????? | | ?????????????????????????????? ???????????????? | | ????????????????????????????? "" ???????????????? | | ???????????????????????????? " "????????????????? | | ??????????????????????????? ""#????????????????? | | ?????????????????####?##### #????????????????? | | ?????????????????# ### &%" #?????????????????? | | ?????????????????# @R" #??????????????????? | | ????????????????## #??????????????????? | | ????????????????# # ???????????? | | ???????????# ### # #????????????? | | ???????????## ####?? #???????????????? | | ????????? ##????? ### ##???????????????? | | ?????? #######???????##???#????????????????? | | ?????? # ##?????????????????????????????????????? | | ???????#?????????????????????????????????????????? | | ?????????????????????????????????????????????????? | | ?????????????????????????????????????????????????? | | ?????????????????????????????????????????????????? | | ?????????????????????????????????????????????????? | | ?????????????????????????????????????????????????? | | ?????????????????????????????????????????????????? | | ?????????????????????????????????????????????????? | | ?????????????????????????????????????????????????? | | ?????????????????????????????????????????????????? | | ?????????????????????????????????????????????????? | | ?????????????????????????????????????????????????? | | ?????????????????????????????????????????????????? | | ?????????????????????????????????????????????????? | | ?????????????????????????????????????????????????? | | | | | +----------------------------------------------------+ Best States ------------- Heat Dissipation 39 Energy Generation 14 Energy Capacity 160 Matter Stores 300 Matter Capacity 300 Sight Range 16 Robot Scan Range 14 Terrain Scan Density 10 Armor Coverage 150 Evasion (%) 55 Item Schematics ----------------- None Robot Schematics ------------------ None Fabricated ------------ Nothing Alien Tech Used ----------------- None Achievements -------------- None Challenges ------------ None Game ------ Seed RestorationTerrabombThrower Manual? 0 Play Time 00:15:18 Cumulative 175.3 hours Start 2024.03.04 @ 12:33:03 End 2024.03.04 @ 12:49:10 Sessions 1 Manual Loads 0 Difficulty Rogue Special Mode None Game No. 134 Rogue 124 Adventurer 0 Explorer 10 Win Type - Total 3 Types 3/0/0/0/0/0/0/0/0 Lore% 57 Gallery% 68 Achievement% 51 Wizard Run 0 Options --------- Layout 1 ASCII 0 Keyboard 0 Movement Arrows Keybinds 1 Fullscreen 1 Font 24/Smallcaps Map View 50x35 Zoom Use 0% Tactical HUD 1 Map Filters NONE Filters NONE Steam 1 RUN: 62830d82-b4eb-49e9-800f-3bc401639554